 Dungeon Crawl Stone Soup version 0.27-b1-16-g6517624069 (webtiles) character file.

Game seed: 12175287180315069629

12 wheatie the Ruffian (level 2, 26/26 HPs)
             Began as a Troll Transmuter on July 26, 2021.
             Quit the game on level 2 of the Dungeon.
             The game lasted 00:04:30 (454 turns).

wheatie the Ruffian (Troll Transmuter)               Turns: 454, Time: 00:04:31

Health: 26/26      AC:  4    Str: 17    XL:     2   Next: 20%
Magic:  2/2        EV:  9    Int:  9    God:
Gold:   24         SH:  0    Dex: 10    Spells: 2/3 levels left

rFire    . . .     SeeInvis .     - Unarmed
rCold    . . .     Faith    .   (no shield)
rNeg     . . .     Spirit   .   a - +0 robe
rPois    .         Reflect  .   (helmet restricted)
rElec    .         Harm     .   (no cloak)
rCorr    .         Rampage  .   (gloves unavailable)
Will     .....                  (boots unavailable)
Stlth    +.........             (no amulet)
HPRegen  1.08/turn              (no ring)
MPRegen  0.08/turn              (no ring)

@: no status effects
A: large, unfitting armour, claws 3, regeneration 1, shaggy fur 1, tough skin 1
a: no special abilities


You were on level 2 of the Dungeon.
You visited 1 branch of the dungeon, and saw 2 of its levels.

You collected 24 gold pieces.

Inventory:

Armour
 a - a +0 robe (worn)
 b - a +0 leather armour
Scrolls
 c - a scroll of magic mapping {unknown}
Potions
 d - a potion of curing {unknown}


   Skills:
 + Level 0.7 Fighting
 + Level 1.7 Dodging
 + Level 3.4 Unarmed Combat
 + Level 1.3 Spellcasting
 + Level 1.5 Transmutations


You had 2 spell levels left.
You knew the following spells:

 Your Spells              Type           Power      Damage    Failure   Level
a - Beastly Appendage     Tmut           6%         N/A       19%         1

Your spell library contained the following spells:

 Spells                   Type           Power      Damage    Failure   Level
 Wereblood                Tmut           3%         N/A       28%         2
 Spider Form              Tmut/Pois      0%         N/A       63%         3
 Ice Form                 Ice/Tmut       1%         N/A       95%         4


Dungeon Overview and Level Annotations

Branches:
Dungeon (2/15)

Altars:


Innate Abilities, Weirdness & Mutations

You are too large for most types of armour.
You have claws for hands.
Your natural rate of healing is unusually fast.
You are covered in fur. (AC +1)
You have tough skin. (AC +1)


Message History

A quokka comes into view.
A quokka is nearby!
You closely miss the quokka. The quokka bites you.
You scratch the quokka.
The quokka is severely wounded.
The quokka barely misses you.
You scratch the quokka but do no damage.
The quokka is severely wounded.
The quokka twitches its whiskers.
The quokka bites you.
You scratch the quokka.
The quokka is almost dead.
The quokka barely misses you.
You claw the quokka!
You kill the quokka!
You see here a quokka corpse.
As you open the door, it creaks loudly!
There is an open door here.
Found a stone staircase leading down.
Found a stone staircase leading down.
Found a stone staircase leading up.
Found a stone staircase leading down.
A goblin comes into view. It is wielding a +0 dagger.
The goblin shouts!
Found 17 gold pieces.
A goblin is nearby!
The goblin closely misses you.
You closely miss the goblin. The goblin barely misses you.
You completely miss the goblin. The goblin hits you but does no damage.
You closely miss the goblin. The goblin hits you with a +0 dagger.
You claw the goblin!
You kill the goblin!
You see here a +0 dagger.
You see here a +0 dagger.
You now have 24 gold pieces (gained 17).
d - a glowing silvery potion Saving game... please wait.
Welcome back, wheatie the Troll Transmuter.
Press ? for a list of commands and other information.
Are you sure you want to abandon this character and quit the game? (Confirm with "yes".)

##########
#........#
#.######.# #.# #.#
#.# #.# # ######.#
#.# .#.#......#
#.#
.........#######@#
.#.#...#.........#
##.###.###########
..............
.#.###.########
...............
...####.######
..........# .#
..#####.#.#####.#


There were no monsters in sight!

Vanquished Creatures
  A ball python (D:1)
  A bat (D:2)
  An endoplasm (D:1)
  A goblin (D:2)
  A hobgoblin (D:1)
  2 jackals (D:2)
  2 quokkas
9 creatures vanquished.

Notes
Turn   | Place    | Note
-------+----------+-------------------------------------------
     0 | D:1      | wheatie the Troll Transmuter began the quest for the Orb.
     0 | D:1      | Reached XP level 1. HP: 18/18 MP: 1/1
   189 | D:2      | Reached XP level 2. HP: 26/26 MP: 2/2
   454 | D:2      | Quit the game

Illustrated notes

Levels and vault maps discovered:
D:1:      lemuel_arrival_cross, layout_loops_corners,
          shapermc_ecumenical_altar_ellora, serial_shops, shop
D:2:      layout_basic, uniq_terence

Action                   || total
-------------------------++-------
Melee: Unarmed           ||    25
 Stab: Sleeping          ||     1
Armor: Robe              ||     6
Dodge: Dodged            ||    10
